 Dungeon Crawl Stone Soup version 0.28-a0-1545-g945cd3f27e (webtiles) character file.

Game seed: 2282890320587169515

32720 Nattfarinn the Victor of a Thousand Battles (level 13, -2/113 HPs)
             Began as a Hill Orc Fighter on Jan 18, 2022.
             Was the Champion of Okawaru.
             Slain by a boulder beetle (50 damage)
             ... on level 4 of the Lair of Beasts.
             The game lasted 00:37:20 (20824 turns).

Nattfarinn the Victor of a Thousand Battles (HOFi) Turns: 20824, Time: 00:37:20

Health: -2/113     AC: 20    Str: 24    XL:     13   Next: 66%
Magic:  24/24      EV: 10    Int: 11    God:    Okawaru [******]
Gold:   907        SH: 12    Dex: 10    Spells: 12/12 levels left

rFire   . . .      SeeInvis .   a - +9 hand axe (elec)
rCold   . . .      Faith    .   c - +0 buckler
rNeg    . . .      Spirit   .   Q - +2 chain mail of Tumus {Int+3}
rPois   +          Reflect  +   v - +0 helmet
rElec   .          Harm     .   n - +2 cloak
rCorr   .          Rampage  .   k - +2 pair of gloves
Will    .....                   (no boots)
Stlth   ..........              p - amulet of reflection
HPRegen 0.28/turn               r - +4 ring of slaying
MPRegen 0.19/turn               y - ring of poison resistance

@: studying Shields
A: iridescent scales 1
a: Renounce Religion, Heroism, Finesse, Duel


You were on level 4 of the Lair of Beasts.
You worshipped Okawaru.
Okawaru was exalted by your worship.
You visited 3 branches of the dungeon, and saw 17 of its levels.
You also visited: Sewer and Bailey.

You collected 907 gold pieces.

Inventory:

Hand Weapons
 a - a +9 hand axe of electrocution (weapon)
 b - the +9 spear "Peopolak" {venom, rC+ Str+7}
   (You found it on level 8 of the Dungeon)

   It poisons the flesh of those it strikes.
   Str:       It affects your strength (+7).
   rC:        It protects you from cold.
 l - a +1 vorpal arbalest
Missiles
 d - 426 bolts
 D - 3 throwing nets (quivered)
Armour
 c - a +0 buckler (worn)
 k - a +2 pair of gloves (worn)
 n - a +2 cloak (worn)
 v - a +0 helmet (worn)
 Q - the +2 chain mail of Tumus (worn) {Int+3}
   (You took it off an orc priest on level 9 of the Dungeon)

   Int:       It affects your intelligence (+3).
 S - the +6 tower shield "Devuaw" {rF+ Str+4}
   (Okawaru gifted it to you on level 11 of the Dungeon)

   Str:       It affects your strength (+4).
   rF:        It protects you from fire.
Jewellery
 h - a ring of magical power
 p - an amulet of reflection (around neck)
 r - a +4 ring of slaying (left hand)
 w - a ring of willpower
 y - a ring of poison resistance (right hand)
 A - a +6 ring of strength
 B - a +6 ring of strength
 Z - an amulet of the acrobat
Wands
 i - a wand of polymorph (2)
 C - a wand of paralysis (2)
 N - a wand of acid (18)
 O - a wand of iceblast (12)
 U - a wand of mindburst (5)
Scrolls
 e - 5 scrolls of summoning
 g - 4 scrolls of immolation
 m - a scroll of fear
 o - 3 scrolls of blinking
 q - a scroll of torment
 I - 2 scrolls of magic mapping
 K - 5 scrolls of teleportation
 M - a scroll of fog
 W - 5 scrolls of identify
Potions
 f - 2 potions of degeneration
 j - a potion of magic
 s - 4 potions of attraction
 t - a potion of ambrosia
 u - 5 potions of mutation
 z - a potion of invisibility {unknown}
 E - a potion of might
 F - 6 potions of heal wounds
 G - 5 potions of haste
 H - 2 potions of resistance
 J - 4 potions of cancellation
 R - 4 potions of curing
 V - 2 potions of berserk rage
 Y - 3 potions of flight
Miscellaneous
 P - a lightning rod (4/4)
 T - a tin of tremorstones (2/2)


   Skills:
 - Level 10.2 Fighting
 - Level 14.0(15.5) Axes
 - Level 9.3(12.0) Polearms
 - Level 3.2 Armour
 - Level 7.3 Dodging
 + Level 13.7 Shields
 - Level 15.1 Invocations


You had 12 spell levels left.
You didn't know any spells.
Your spell library contained the following spells:

 Spells                   Type           Power      Damage    Failure   Level
 Magic Dart               Conj           0%         1d3       97%         1
 Shock                    Conj/Air       0%         1d3       97%         1
 Searing Ray              Conj           0%         2d4       99%         2
 Sublimation of Blood     Necr           0%         N/A       99%         2
 Conjure Flame            Conj/Fire      0%         6-21      100%        3
 Ignite Poison            Fire/Tmut/Pois 0%         N/A       100%        3
 Swiftness                Air            0%         N/A       100%        3
 Airstrike                Air            0%         N/A       100%        4
 Anguish                  Hex/Necr       0%         N/A       100%        4
 Fulminant Prism          Conj/Hex       0%         3d6       100%        4
 Iskenderun's Mystic Bla  Conj/Tloc      0%         2d3       100%        4
 Petrify                  Tmut/Erth      0%         N/A       100%        4
 Sticky Flame             Conj/Fire      0%         2d3       100%        4
 Irradiate                Conj/Tmut      0%         3d13      100%        5
 Lee's Rapid Deconstruct  Erth           0%         3d5*      100%        5
 Enfeeble                 Hex            0%         N/A       100%        7
 Tukima's Dance           Hex            Unusable   N/A       N/A         3

Dungeon Overview and Level Annotations

Branches:
Dungeon (12/15)            Temple (1/1) D:5            Lair (4/6) D:11
 Shoals (0/4) Lair:2          Orc (0/2) D:10          Sewer (visited)
 Bailey (visited)
  Snake: Lair:2-4    Spider: Lair:2-4

Altars:
Ashenzari
Cheibriados
Dithmenos
Elyvilon
Fedhas
Gozag
Hepliaklqana
Kikubaaqudgha
Makhleb
Nemelex Xobeh
Okawaru
Qazlal
Ru
Sif Muna
Trog
Uskayaw
Vehumet
Wu Jian
Xom
Yredelemnul
Zin
The Shining One
Beogh

Shops:
D:1 :   D:2 (   D:7 *   D:11 :

Annotations:
Lair:1 1 runed translucent door, anet's ghost, novice HOCj
Lair:3 3 runed translucent doors, Essalna's ghost, journeyman DsFE


Innate Abilities, Weirdness & Mutations

You are partially covered in iridescent scales. (AC +2)


Message History

The yak gores you.
You hit the yak.
The yak is almost dead.
You hit the boulder beetle.
Lightning courses through the boulder beetle!
You slash the yak!
The boulder beetle leaps!
The yak gores you!
You slash the yak! Lightning courses through the yak!
You kill the yak!
Okawaru accepts your kill.
You slash the yak!
Unknown command.
You barely miss the yak.
The yak is heavily wounded.
The yak closely misses you.
You slash the yak! Lightning courses through the yak!
You kill the yak!
Okawaru accepts your kill. Okawaru grants you armour!
Something appears at your feet!
You see here a +1 pair of boots of stealth.
The boulder beetle leaps!
The boulder beetle curls into a ball and begins rolling!
Found 2 potions of haste.
The boulder beetle hits you!!
The boulder beetle stops rolling and uncurls.
You are too injured to fight recklessly!
You are too injured to fight recklessly!
You are too injured to fight recklessly!
You are too injured to fight recklessly!
The boulder beetle leaps!
The boulder beetle curls into a ball and begins rolling!
Unknown command.
You hit the plant.
The plant begins to die.
The plant is lightly damaged.
There is a stone staircase leading up, spattered with blood here.
You see here a +1 pair of boots of stealth.
You hit the boulder beetle but do no damage.
The boulder beetle is heavily wounded.
A nearby plant withers and dies.
The boulder beetle hits you!!!
You die...

.....# ....# #
...$## #.
....# ...
##...# ....
#....# .....
###†.##
......##.#B@†#
!........°..##
........°.#..#
..........#.##
P.......#°..#
P##.....°...#
###........#
##......##
P......#


You could see a boulder beetle (rolling).

Vanquished Creatures
  Harold (Lair:2)
  Erolcha (D:9)
  2 hydras
  2 two-headed ogres
  Nergalle (Lair:1)
  Urug (D:10)
  An orc knight (Bailey)
  Pikel (D:9)
  2 deep elf pyromancers (D:12)
  An ugly thing (D:12)
  11 elephants (Lair:3)
  Joseph (D:9)
  A merfolk siren (Lair:2)
  4 cane toads
  A gargoyle (D:10)
  Maggie (D:7)
  3 kobold demonologists (D:11)
  An unseen horror (D:11)
  2 tengu conjurers (D:12)
  6 komodo dragons
  3 trolls
  A hornet (D:11)
  3 blink frogs (Lair:3)
  Grinder (D:5)
  6 slime creatures (D:12)
  Prince Ribbit (D:7)
  A shadow (D:12)
  Eustachio (D:5)
  22 yaks
  A wraith (D:12)
  6 wyverns
  2 vampires
  A basilisk (Lair:2)
  3 steam dragons
  4 vampire mosquitoes (Lair:3)
  Edmund (D:5)
  Menkaure (D:5)
  An acid dragon (D:9)
  7 water moccasins
  Duvessa (D:5)
  11 orc warriors
  A black bear (Lair:2)
  A necrophage (D:8)
  2 sky beasts
  3 ogres
  9 wolves
  4 centaurs
  3 lemures (D:9)
  A phantom (D:6)
  3 kobold brigands
  A gnoll sergeant (D:8)
  9 bullfrogs
  2 scorpions (D:4)
  A water moccasin zombie (D:6)
  Dowan (D:5)
  5 killer bees (D:8)
  10 wights
  3 howler monkeys (D:8)
  5 centaur zombies
  3 bullfrog skeletons (D:6)
  2 jellies (D:4)
  10 orc priests
  2 hounds
  2 gnoll shamans
  An iguana (D:5)
  17 orc wizards
  5 hell rats (Lair:2)
  2 killer bee zombies
  A hound skeleton (D:5)
  13 gnolls
  9 adders
  6 river rats
  A white imp (D:7)
  3 adder skeletons
  6 worms
  A dart slug (D:1)
  48 orcs
  18 ball pythons
  2 endoplasms
  4 giant cockroaches
  7 goblins
  8 hobgoblins
  4 quokkas
  4 bats
  3 frilled lizards
  43 kobolds
  19 rats
  A spectral goblin (D:1)
431 creatures vanquished.

Vanquished Creatures (others)
  An orc (D:7)
  11 fungi
  24 plants
36 creatures vanquished.

Grand Total: 467 creatures vanquished

Notes
Turn   | Place    | Note
-------+----------+-------------------------------------------
     0 | D:1      | Nattfarinn the Hill Orc Fighter began the quest for the
                  | Orb.
     0 | D:1      | Reached XP level 1. HP: 19/19 MP: 1/1
    98 | D:1      | Reached skill level 1 in Dodging
   223 | D:1      | Reached XP level 2. HP: 26/26 MP: 2/2
   330 | D:1      | Found Fomus's Book Boutique.
   984 | D:1      | Reached XP level 3. HP: 31/31 MP: 3/3
  1046 | D:1      | Found a faded altar of an unknown god.
  1406 | D:2      | Found Plog's Weapon Emporium.
  2008 | D:2      | Reached XP level 4. HP: 39/39 MP: 4/4
  2282 | D:3      | Noticed a black bear
  2282 | D:3      | Noticed an ogre
  2992 | D:4      | Reached XP level 5. HP: 28/45 MP: 5/5
  3359 | D:4      | Found a hazy altar of Hepliaklqana.
  3429 | D:4      | Reached XP level 6. HP: 27/51 MP: 6/6
  3755 | D:4      | Reached skill level 5 in Dodging
  4465 | D:5      | Entered Level 5 of the Dungeon
  4489 | D:5      | Reached XP level 7. HP: 47/57 MP: 7/7
  4652 | D:5      | Noticed Grinder
  4663 | D:5      | Noticed Duvessa
  4665 | D:5      | Gained mutation: You are partially covered in iridescent
                  | scales. (AC +2) [potion of mutation]
  4665 | D:5      | Noticed Edmund
  5001 | D:5      | Found a staircase to the Ecumenical Temple.
  5010 | Temple   | Entered the Ecumenical Temple
  5205 | D:5      | Killed Edmund
  5206 | D:5      | Reached XP level 8. HP: 47/64 MP: 8/8
  5255 | D:5      | Paralysed by Grinder for 4 turns
  5262 | D:5      | Killed Grinder
  5357 | D:5      | Killed Duvessa
  5358 | D:5      | Reached skill level 5 in Axes
  5478 | D:5      | Noticed Dowan
  5508 | D:5      | Killed Dowan
  5681 | D:5      | Noticed Eustachio
  5689 | D:5      | Killed Eustachio
  5690 | D:5      | Reached skill level 5 in Fighting
  5959 | D:5      | Noticed Menkaure
  5967 | D:5      | Killed Menkaure
  5968 | D:5      | Reached XP level 9. HP: 39/75 MP: 9/9
  6568 | D:6      | Found a glowing drain.
  6591 | Sewer    | Entered a sewer
  7046 | D:6      | Reached skill level 10 in Axes
  7159 | D:6      | Found an iron altar of Okawaru.
  7211 | D:6      | Found a shadowy altar of Dithmenos.
  7468 | D:7      | Noticed a troll
  7476 | D:7      | Killed a troll
  8042 | D:7      | Reached XP level 10. HP: 86/88 MP: 10/10
  8042 | D:7      | Noticed Maggie
  8050 | D:7      | Killed Maggie
  8255 | D:6      | Became a worshipper of Warmaster Okawaru
  8381 | D:7      | Noticed Prince Ribbit
  8387 | D:7      | Killed Prince Ribbit
  8879 | D:7      | Found Alotuipno's Serpentskin Sales.
  9158 | D:8      | Reached * piety under Okawaru
  9338 | D:8      | Found a flagged portal.
  9347 | Bailey   | Entered a bailey
  9791 | Bailey   | Noticed an orc knight
  9798 | Bailey   | Killed an orc knight
  9798 | Bailey   | Reached ** piety under Okawaru
  9799 | Bailey   | Reached skill level 10 in Fighting
  9804 | Bailey   | Reached skill level 1 in Invocations
 10002 | D:8      | Identified the +9 spear "Peopolak" {venom, rC+ Str+7}
 10050 | D:8      | Reached skill level 1 in Polearms
 10766 | D:9      | Noticed Joseph
 11080 | D:9      | Noticed Pikel
 11086 | D:9      | Killed Pikel
 11086 | D:9      | Reached *** piety under Okawaru
 11087 | D:9      | Reached XP level 11. HP: 90/100 MP: 11/11
 11185 | D:9      | Reached skill level 5 in Polearms
 11509 | D:9      | Identified the +2 chain mail of Tumus {Int+3}
 12010 | D:8      | Reached **** piety under Okawaru
 12096 | D:9      | Noticed Erolcha
 12240 | D:9      | Killed Joseph
 12487 | D:9      | Killed Erolcha
 12868 | D:10     | Entered Level 10 of the Dungeon
 12889 | D:10     | Noticed Urug
 12903 | D:10     | Killed Urug
 13142 | D:10     | Noticed a two-headed ogre
 13153 | D:10     | Killed a two-headed ogre
 13355 | D:10     | Reached skill level 2 in Invocations
 13433 | D:10     | Reached ***** piety under Okawaru
 13494 | D:10     | Found a staircase to the Orcish Mines.
 13505 | D:10     | Found a roughly hewn altar of Beogh.
 13508 | D:10     | Reached skill level 3 in Invocations
 13624 | D:10     | Reached skill level 4 in Invocations
 14033 | D:10     | Found a sparkling altar of Nemelex Xobeh.
 14093 | D:11     | Reached skill level 5 in Shields
 14203 | D:11     | Reached skill level 5 in Invocations
 14234 | D:11     | Reached skill level 6 in Invocations
 14234 | D:11     | Reached XP level 12. HP: 84/106 MP: 16/16
 14373 | D:11     | Identified the +6 tower shield "Devuaw" {rF+ Str+4}
                  | (Okawaru gifted it to you on level 11 of the Dungeon)
 14373 | D:11     | Received a gift from Okawaru
 14375 | D:11     | Reached skill level 7 in Invocations
 14570 | D:11     | Found a staircase to the Lair.
 14649 | D:11     | Found Fiafeoc's Book Shop.
 14729 | D:11     | Reached skill level 8 in Invocations
 14924 | D:11     | Noticed a seven-headed hydra
 14932 | D:11     | Killed a seven-headed hydra
 15819 | D:12     | Reached skill level 9 in Invocations
 16031 | D:12     | Reached skill level 10 in Invocations
 16098 | D:12     | Noticed a two-headed ogre
 16109 | D:12     | Killed a two-headed ogre
 16753 | D:12     | Reached skill level 10 in Shields
 16753 | D:12     | Reached skill level 11 in Invocations
 17321 | Lair:1   | Entered Level 1 of the Lair of Beasts
 17476 | Lair:1   | Noticed anet's ghost (novice HOCj)
 17489 | Lair:1   | Found a runed translucent door.
 18105 | Lair:1   | Noticed Nergalle
 18127 | Lair:1   | Killed Nergalle
 18128 | Lair:1   | Reached skill level 12 in Invocations
 18558 | Lair:2   | Reached XP level 13. HP: 111/113 MP: 22/22
 18716 | Lair:2   | Noticed Harold
 18732 | Lair:2   | Killed Harold
 18760 | Lair:2   | Reached skill level 13 in Invocations
 19010 | Lair:2   | Found a staircase to the Shoals.
 19659 | Lair:3   | Reached ****** piety under Okawaru
 19659 | Lair:3   | Received a gift from Okawaru
 19696 | Lair:3   | Reached skill level 14 in Invocations
 20237 | Lair:3   | Reached skill level 15 in Invocations
 20428 | Lair:3   | Found a runed translucent gate.
 20428 | Lair:3   | Found a runed translucent gate.
 20429 | Lair:3   | Found a runed translucent gate.
 20431 | Lair:3   | Noticed Essalna's ghost (journeyman DsFE)
 20812 | Lair:4   | Received a gift from Okawaru
 20824 | Lair:4   | Slain by a boulder beetle

Illustrated notes

Levels and vault maps discovered:
D:1:      dpeg_arrival_morbid_curiosity, layout_basic, serial_shops, shop,
          dreamdust_ecumenical_altar_drowned_temple
D:2:      layout_basic, serial_shops, nicolae_shop_behind_doors
D:3:      layout_loops_ring, lightli_corner_chamber
D:4:      layout_cave_pods, nicolae_overflow_crystal_walls
D:5:      minmay_angry_zag, layout_rooms, minmay_temple_entry_slanted,
          kennysheep_cross_bottleneck, minivault_14, uniq_grinder, uniq_duvessa,
          uniq_edmund, uniq_eustachio, uniq_menkaure
D:6:      layout_loops_ring, grunt_dithmenos_smoke, general_overflow_altar,
          portal_sewer_entry_c
D:7:      layout_basic, guppyfry_shop_venom, uniq_prince_ribbit1, uniq_maggie
D:8:      layout_basic, enter_bailey_2
D:9:      layout_cave_pools, nicolae_figureground_sparkle, uniq_erolcha,
          uniq_joseph, uniq_pikel
D:10:     layout_roguey, nemelex_diamond_rough_becter,
          minmay_orc_entry_temple_small, uniq_urug
D:11:     layout_irregular_city, erik_lair_dragon, serial_shops, shop
D:12:     layout_basic
Temple:   regret_index_temple_mists
Lair:1:   layout_loops_ring, hellmonk_ghost_happy_afterlife,
          chequers_serial_rivers_large_b, wad_woods_03, lemuel_fruit_tree,
          infiniplex_staircase_pool_2, uniq_nergalle
Lair:2:   layout_chaotic_city, minmay_shoals_entry_lonely_mermaid, serial_bayou,
          serial_bayou_pond_c, serial_bayou_shore_b, serial_bayou_pond_a,
          serial_bayou_pond_c, serial_bayou_crossing, serial_bayou_pond_c,
          uniq_harold
Lair:3:   layout_cave_shapes, gammafunk_ghost_necromancy, pond,
          grunt_megastairs_2
Lair:4:   layout_small_grid, guppyfry_snake_entry_garden, basic_altar,
          minmay_lindwurm_lava

Skill      XL: |  1  2  3  4  5  6  7  8  9 10 11 12 13 |
---------------+----------------------------------------+-----
Dodging        | 1 2 3 4 5 7 |  7.3
Fighting       | 5 8 10 | 10.2
Axes           | 7 11 14 | 14.0
Invocations    | 1 6 12 15 | 15.1
Polearms       | 4 9 |  9.3
Shields        | 6 11 13 | 13.7
Armour         | |  3.2

Action                   |  1- 3 |  4- 6 |  7- 9 | 10-12 | 13-15 || total
-------------------------+-------+-------+-------+-------+-------++-------
Melee: War axe           |    23 |       |       |       |       ||    23
       Whip              |    60 |    44 |       |       |       ||   104
       Hand axe          |       |    60 |   215 |   462 |   176 ||   913
       Spear             |       |       |       |    55 |     9 ||    64
Throw: Throwing net      |       |       |     2 |       |       ||     2
Invok: Heroism           |       |       |       |     4 |     1 ||     5
       Finesse           |       |       |       |     1 |       ||     1
Evoke: Wand              |       |       |       |     5 |     4 ||     9
  Use: Potion            |       |       |     6 |     4 |       ||    10
       Scroll            |       |       |     8 |    20 |     1 ||    29
Armor: Scale mail        |    37 |    53 |    91 |    71 |       ||   252
       Chain mail        |       |       |       |    82 |    57 ||   139
Dodge: Dodged            |    48 |    50 |    67 |   140 |    53 ||   358
Block: Buckler           |    11 |    35 |   101 |   220 |    69 ||   436
       Reflection        |       |     1 |     1 |    26 |       ||    28

Table legend: (Time is in decaauts)
 A = Elapsed time spent in this place.
 B = Non-inter-level travel time spent in this place.
 C = Inter-level travel time spent in this place.
 D = Time resting spent in this place.
 E = Time spent auto-exploring this place.
 F = Levels seen in this place.
 G = Mean time per level.
                   A        B        C        D        E       F      G
               +--------+--------+--------+--------+--------+-----+--------+
         Total |  20735 |  19222 |   1513 |   1690 |  15152 |  19 | 1091.3 |
       Dungeon |  15954 |  14646 |   1308 |   1690 |  11249 |  12 | 1329.5 |
        Temple |    236 |    176 |     60 |      0 |    154 |   1 |  236.0 |
          Lair |   3463 |   3319 |    144 |      0 |   2959 |   4 |  865.8 |
         Sewer |    444 |    444 |      0 |      0 |    309 |   1 |  444.0 |
        Bailey |    637 |    637 |      0 |      0 |    479 |   1 |  637.0 |
               +--------+--------+--------+--------+--------+-----+--------+

Top non-repeatable levels by time:
     D:4: 2136 daAuts
     D:8: 2004 daAuts
     D:7: 1635 daAuts
    D:12: 1468 daAuts
    D:11: 1311 daAuts
     D:1: 1294 daAuts
    D:10: 1241 daAuts
  Lair:1: 1234 daAuts
  Lair:3: 1232 daAuts
     D:9: 1185 daAuts
     D:5: 1084 daAuts
     D:2: 1011 daAuts
  Lair:2: 972 daAuts
     D:3: 792 daAuts
     D:6: 786 daAuts
